 Dungeon Crawl Stone Soup version 0.28.0 (webtiles) character file.

Game seed: 7761368013703487215

87 GordonOverkill the Ruffian (level 4, 0/33 HPs)
             Began as a Ghoul Hedge Wizard on Feb 15, 2022.
             Slain by an orc (8 damage)
             ... on level 4 of the Dungeon.
             The game lasted 00:04:10 (3256 turns).

GordonOverkill the Ruffian (Ghoul Hedge Wizard)     Turns: 3256, Time: 00:04:11

Health: 0/33       AC:  7    Str: 15    XL:     4   Next: 51%
Magic:  7/7        EV:  9    Int:  9    God:
Gold:   1031       SH:  0    Dex:  8    Spells: 7/8 levels left

rFire   . . .      SeeInvis .     - Unarmed
rCold   + . .      Faith    .   (no shield)
rNeg    + + +      Spirit   .   l - +0 scale mail
rPois   ∞          Reflect  .   c - +1 hat
rElec   .          Harm     .   (no cloak)
rCorr   .          Rampage  .   (no gloves)
Will    .....                   (no boots)
Stlth   ..........              (no amulet)
HPRegen 0.00/turn               (no ring)
MPRegen 0.10/turn               (no ring)

@: inhibited regen
A: claws 1, cold resistance 1, negative energy resistance 3, inhibited
regeneration, torment resistance 2
a: no special abilities


You were on level 4 of the Dungeon.
You visited 1 branch of the dungeon, and saw 4 of its levels.

You collected 1031 gold pieces.

Inventory:

Armour
 c - a +1 hat (worn)
 l - a +0 scale mail (worn)
Jewellery
 d - a ring of flight
 n - the amulet of the Four Winds {rN+ Will+++ Clar}
   (You found it on level 2 of the Dungeon)

   [amulet of nothing]

   rN:        It protects you from negative energy.
   Clar:      It protects you against confusion.
   Will:      It greatly increases your willpower.
Scrolls
 a - a scroll of fear
 b - a scroll of blinking
 g - 2 scrolls of teleportation
 h - a scroll of enchant armour
Potions
 e - a potion of brilliance
 f - a potion of curing
 k - a potion of haste
 m - a potion of might


   Skills:
 - Level 1.7 Dodging
 - Level 2.1 Stealth
 + Level 4.4 Unarmed Combat
 - Level 2.6 Spellcasting
 - Level 0.7 Conjurations
 - Level 0.8 Summonings
 - Level 0.8 Translocations


You had 7 spell levels left.
You knew the following spells:

 Your Spells              Type           Power      Damage    Failure   Level
a - Magic Dart            Conj           8%         1d3       69%         1

Your spell library contained the following spells:

 Spells                   Type           Power      Damage    Failure   Level
 Slow                     Hex            4%         N/A       78%         1
 Blink                    Tloc           4%         N/A       80%         2
 Call Imp                 Summ           2%         N/A       80%         2
 Conjure Flame            Conj/Fire      1%         6-21      98%         3
 Mephitic Cloud           Conj/Pois/Air  1%         N/A       98%         3


Dungeon Overview and Level Annotations

Branches:
Dungeon (4/15)
 Temple: D:4-7

Altars:
Nemelex Xobeh

Shops:
D:4 ?


Innate Abilities, Weirdness & Mutations

You thrive by killing the living.
You are immune to poison.
You have sharp fingernails.
Your flesh is cold resistant. (rC+)
You are immune to negative energy. (rN+++)
You do not regenerate when monsters are visible.
You are immune to unholy pain and torment.


Message History

You scratch the goblin.
The goblin is moderately wounded.
You barely miss the goblin.
The goblin is moderately wounded.
The goblin barely misses you.
You barely miss the goblin.
The goblin is moderately wounded.
The goblin hits you but does no damage.
The orc hits you from afar with a +0 trident.
You barely miss the goblin.
The goblin is moderately wounded.
The goblin hits you but does no damage. The orc misses you.
You closely miss the goblin.
The goblin is moderately wounded.
The goblin hits you but does no damage. The orc closely misses you.
You barely miss the goblin. The goblin hits you with a +0 club.
The orc misses you.
You barely miss the goblin. The goblin barely misses you.
The orc hits you from afar with a +0 trident.
You scratch the goblin.
You kill the goblin!
The orc barely misses you. The orc closely misses you.
The orc hits you with a +0 trident.
* * * LOW HITPOINT WARNING * * *
You scratch the orc. You claw the orc, but do no damage.
The orc is severely wounded.
The orc hits you with a +0 trident.
* * * LOW HITPOINT WARNING * * *
You barely miss the orc.
The orc is severely wounded.
The orc closely misses you.
You barely miss the orc.
The orc is severely wounded.
The orc hits you with a +0 trident.
* * * LOW HITPOINT WARNING * * *
You scratch the orc but do no damage.
The orc is severely wounded.
The orc hits you with a +0 trident!
You die...

######.#.......##
#...............#
#.....#.....#...#
##.....#.........#
#...................
#....#..>...........
#....#...#...).#+####
#.......#.#...o.....#
#......#...#..@.....#
##.(..#..∩..#.......#
.....#...#........#
......#.#.........#
.....#..........#
...##########.## ##
.# #


You could see an orc.

Vanquished Creatures
  2 adders
  A worm (D:1)
  A dart slug (D:1)
  3 orcs (D:3)
  4 ball pythons
  7 bats
  6 endoplasms
  A giant cockroach (D:1)
  7 goblins
  5 hobgoblins
  4 jackals (D:1)
  2 quokkas
  3 frilled lizards
  7 rats
53 creatures vanquished.

Vanquished Creatures (others)
  5 plants (D:3)
5 creatures vanquished.

Grand Total: 58 creatures vanquished

Notes
Turn   | Place    | Note
-------+----------+-------------------------------------------
     0 | D:1      | GordonOverkill the Ghoul Hedge Wizard began the quest for
                  | the Orb.
     0 | D:1      | Reached XP level 1. HP: 14/14 MP: 3/3
    94 | D:1      | Found a faded altar of an unknown god.
    97 | D:1      | Reached skill level 1 in Unarmed Combat
   120 | D:1      | Reached XP level 2. HP: 17/20 MP: 4/4
   135 | D:1      | Reached skill level 2 in Unarmed Combat
   852 | D:1      | Reached XP level 3. HP: 26/26 MP: 0/6
  1207 | D:2      | Reached skill level 3 in Unarmed Combat
  2094 | D:2      | Found the amulet of the Four Winds {rN+ Will+++ Clar}
  2410 | D:2      | Found a sparkling altar of Nemelex Xobeh.
  2546 | D:3      | Identified a scroll of acquirement
  2546 | D:3      | Acquired 935 gold pieces
  2670 | D:2      | Reached XP level 4. HP: 32/33 MP: 7/7
  2770 | D:3      | Reached skill level 4 in Unarmed Combat
  3237 | D:4      | Found Ranieda's Magic Scroll Emporium.
  3256 | D:4      | Slain by an orc

Illustrated notes

Levels and vault maps discovered:
D:1:      dpeg_arrival_solitude, layout_loops_ring,
          shapermc_ecumenical_altar_starsandcircs
D:2:      layout_basic, basic_altar, grunt_ministairs_12
D:3:      cheibrodos_old_hovel, layout_rooms
D:4:      layout_basic, nicolae_elyvilon_temple_path, serial_shops,
          nicolae_diamond_shop, hangedman_glass_garden

Skill      XL: |  1  2  3  4 |
---------------+-------------+-----
Unarmed Combat | 1 2 3 4 |  4.4
Dodging        | |  1.7
Stealth        | |  2.1
Spellcasting   | |  2.6
Conjurations   | |  0.7
Summonings     | |  0.8
Translocations | |  0.8

Action                   |  1- 3 |  4- 6 || total
-------------------------+-------+-------++-------
Melee: Unarmed           |   110 |    40 ||   150
       Punch             |     4 |     1 ||     5
 Cast: Magic Dart        |    21 |       ||    21
  Use: Potion            |     1 |     1 ||     2
       Scroll            |     2 |     8 ||    10
 Stab: Sleeping          |     1 |       ||     1
Armor: Robe              |    11 |       ||    11
       Leather armour    |     7 |       ||     7
       Scale mail        |    34 |    11 ||    45
Dodge: Dodged            |    74 |    19 ||    93
